Map: 2000 Atmospheres LE

Players

Scarlett - Winner!

  • Race: Zerg Zerg

Epic

  • Race: Terran Terran

Event: DreamHack SC2 Masters 2021 Fall

VOD

Have the link to the VOD?

Description

Time

  • Played on: Aug. 4, 2021, 3:55 p.m.
  • Length: 12:14

All games in this series

Show
View Real Time Build Order
Export as new Build Order

Scarlett Zerg - Winner!

Build Orders: Hatch First 

Get SALT Encoding   

  12  0:00  Drone  
  13  0:12  Overlord  
  13  0:16  Drone  
  14  0:30  Drone x2  
  16  0:46  Hatchery  
  15  0:50  Drone  
  15  0:54  Drone  
  17  0:57  Drone  
  18  1:08  Extractor  
  17  1:12  Spawning Pool  
  17  1:15  Drone  
  17  1:18  Drone  
  18  1:28  Drone  
  19  1:39  Drone  
  20  1:49  Drone  
  21  1:58  Queen x2  
  21  2:00  Zergling x2  
  26  2:01  Zergling x2  
  27  2:13  Hatchery  
  26  2:17  Overlord  
  26  2:20  Drone  
  28  2:22  Drone  
  28  2:32  Metabolic Boost  
  28  2:35  Drone x2  
  30  2:39  Drone  
  30  2:43  Drone, Overlord  
  32  2:51  Queen  
  34  2:56  Drone  
  34  2:57  Drone  
  36  3:06  Drone x5  
  41  3:14  Overlord  
  41  3:15  Queen  
  41  3:19  Drone  
  44  3:26  Queen  
  46  3:31  Queen  
  46  3:32  Overlord  
  48  3:34  Drone  
  48  3:37  Zergling x2  
  48  3:39  Drone  
  51  3:44  Drone x3  
  51  3:47  Zergling x4  
  56  3:50  Overlord  
  56  3:52  Zergling x2  
  56  3:58  Overlord  
  56  4:00  Zergling x2  
  56  4:01  Drone x3  
  60  4:06  Queen  
  62  4:13  Queen  
  62  4:14  Drone x3  
  67  4:20  Lair  
  67  4:24  Extractor  
  66  4:33  Zergling x12  
  66  4:37  Drone x6  
  73  4:43  Spore Crawler  
  73  4:44  Spore Crawler, Drone  
  73  4:45  Drone x2  
  74  4:48  Drone x2  
  74  4:49  Spore Crawler  
  74  4:51  Overlord  
  75  4:54  Drone x2  
  77  5:04  Queen  
  79  5:07  Zergling x6  
  81  5:16  Overlord  
  81  5:17  Drone x7  
  81  5:20  Extractor, Overseer  
  87  5:21  Extractor  
  87  5:23  Overseer  
  87  5:24  Overseer  
  87  5:26  Baneling Nest  
  85  5:35  Hatchery  
  84  5:36  Drone x8  
  92  5:45  Overlord x2  
  92  5:47  Drone x2  
  94  5:50  Evolution Chamber  
  94  5:51  Zergling x10, Evolution Chamber  
  94  5:55  Overlord  
  97  6:00  Pneumatized Carapace  
  96  6:08  Zergling x6  
  99  6:17  Zerg Melee Weapons Level 1, Zerg Ground Armor Level 1  
  99  6:21  Zergling x10  
  99  6:24  Hatchery  
  99  6:25  Drone x3  
  102  6:38  Drone x5  
  104  6:40  Hatchery  
  104  6:44  Drone  
  100  6:48  Drone x3  
  103  6:54  Drone  
  103  6:56  Infestation Pit  
  103  6:59  Spore Crawler  
  102  7:08  Drone  
  102  7:09  Drone x11  
  114  7:19  Zergling x6, Queen  
  119  7:27  Zergling x4  
  121  7:32  Zergling x14  
  127  7:38  Overlord x2  
  127  7:39  Hive  
  127  7:43  Baneling x4  
  127  7:44  Baneling x8  
  127  7:45  Baneling x15  
  127  7:46  Zergling x8  
  127  7:50  Drone  
  131  7:52  Extractor  
  131  7:53  Drone x3  
  133  8:03  Centrifical Hooks  
  133  8:05  Overlord x4  
  133  8:10  Zergling x30  
  133  8:11  Baneling x10  
  133  8:12  Baneling x3  
  148  8:15  Zergling x2  
  148  8:24  Zergling x10  
  117  8:35  Drone  
  117  8:36  Drone x15  
  128  8:43  Zerg Melee Weapons Level 2, Zerg Ground Armor Level 2  
  128  8:46  Extractor  
  128  8:48  Drone x6  
  127  8:58  Spore Crawler, Spine Crawler  
  127  9:00  Spore Crawler  
  127  9:01  Drone x12  
  135  9:04  Adrenal Glands  
  135  9:09  Zergling x12  
  141  9:12  Baneling x4  
  141  9:13  Baneling  
  141  9:14  Extractor  
  141  9:17  Zergling x8  
  144  9:19  Zergling x2  
  144  9:20  Zergling x6  
  148  9:29  Zergling x22  
  145  9:37  Zergling x2  
  143  9:39  Zergling x8  
  143  9:40  Zergling x4, Ultralisk Cavern  
  143  9:42  Overseer  
  143  9:43  Overlord  
  143  9:44  Zergling x2  
  149  9:51  Zergling x20  
  159  9:56  Baneling x14  
  159  9:57  Drone x3  
  162  10:05  Zergling x14  
  164  10:07  Baneling x3  
  164  10:12  Zergling x8  
  158  10:17  Zergling x6  
  151  10:22  Zergling x16  
  151  10:25  Baneling x13  
  156  10:29  Overlord x2  
  156  10:35  Zergling x16  
  156  10:38  Baneling x10  
  156  10:39  Hatchery  
  145  10:45  Zergling x12  
  145  10:47  Chitinous Plating  
  145  10:48  Drone  
  145  10:49  Drone  
  148  10:51  Zergling x12  
  148  10:55  Extractor  
  148  10:56  Drone  
  148  10:57  Zergling x8, Drone x2  
  156  11:01  Zergling x2  
  160  11:08  Zergling x10  
  149  11:14  Zergling x8  
  149  11:20  Zergling x16  
  155  11:27  Zergling x14, Ultralisk  
  155  11:28  Baneling x2  
  155  11:29  Baneling  
  155  11:30  Baneling  
  155  11:31  Zergling x2  
  169  11:35  Zergling x4  
  169  11:36  Extractor  
  169  11:37  Zergling x2  
  169  11:38  Zergling x2, Extractor  
  171  11:40  Baneling  
  171  11:41  Overseer  
  171  11:46  Zergling x8  
  172  11:47  Zergling x2  
  172  11:48  Zergling x6  
  172  11:50  Zergling x10  
  172  11:51  Baneling x7  
Show
View Real Time Build Order
Export as new Build Order

Epic Terran 

Build Orders: Reaper Expand, Hellion Banshee 

Get SALT Encoding   

  12  0:00  SCV  
  13  0:12  SCV  
  14  0:16  Supply Depot  
  14  0:24  SCV  
  15  0:38  SCV  
  15  0:40  Barracks  
  15  0:42  Refinery  
  16  0:50  SCV  
  17  1:02  SCV  
  18  1:14  SCV  
  19  1:26  Reaper, Orbital Command  
  20  1:39  Command Center  
  20  1:46  Supply Depot  
  20  1:52  SCV  
  21  1:58  Marine  
  22  2:04  SCV  
  23  2:10  Factory  
  23  2:16  SCV  
  23  2:19  Barracks Reactor  
  24  2:28  SCV  
  25  2:40  SCV, Command Center  
  26  2:52  Orbital Command  
  26  2:53  SCV  
  27  2:58  Starport  
  27  3:05  SCV  
  28  3:06  Refinery  
  28  3:09  Hellion  
  30  3:13  Hellion  
  30  3:18  Barracks Tech Lab  
  32  3:20  SCV x2  
  34  3:32  SCV, Hellion  
  34  3:33  SCV  
  38  3:35  Hellion  
  40  3:44  Banshee  
  40  3:47  SCV x2  
  45  3:52  Orbital Command  
  45  3:55  Cloaking Field  
  45  3:58  Hellion  
  45  3:59  Hellion  
  45  4:01  SCV  
  50  4:03  SCV  
  51  4:11  Supply Depot  
  51  4:13  SCV  
  51  4:15  SCV  
  51  4:16  Orbital Command  
  53  4:21  Hellion x2  
  57  4:26  Banshee, Supply Depot  
  60  4:32  SCV x2  
  60  4:38  Barracks Tech Lab  
  60  4:47  SCV x2  
  60  4:49  SCV, Barracks  
  60  4:50  Supply Depot  
  60  4:52  Supply Depot  
  63  4:53  Barracks, Factory Reactor  
  63  4:57  Stimpack  
  63  4:59  SCV x2  
  65  5:02  SCV  
  65  5:05  Engineering Bay  
  66  5:08  Engineering Bay  
  66  5:11  SCV x2  
  66  5:14  SCV  
  69  5:15  Refinery  
  69  5:17  Refinery  
  69  5:23  SCV x2  
  69  5:26  SCV, Starport Reactor  
  72  5:31  Barracks  
  72  5:33  Barracks  
  72  5:35  Terran Infantry Weapons Level 1  
  72  5:38  SCV x2  
  72  5:39  SCV, Factory Reactor  
  72  5:42  Marine x3  
  78  5:49  Marine x2  
  80  5:50  SCV x2  
  80  5:51  SCV  
  83  5:58  Supply Depot  
  83  6:00  Marine, Supply Depot  
  83  6:01  Supply Depot x2  
  83  6:03  Marine x2, Medivac x2  
  90  6:05  SCV x2  
  90  6:07  SCV  
  93  6:20  Widow Mine x2  
  97  6:26  SCV x3  
  97  6:28  Supply Depot  
  97  6:29  Supply Depot  
  97  6:30  Barracks Reactor, Supply Depot  
  97  6:31  Barracks Reactor  
  100  6:34  Factory  
  100  6:38  Refinery, Armory  
  85  6:40  SCV x2  
  85  6:42  Marine x2  
  85  6:44  Marine x3  
  85  6:45  Widow Mine  
  85  6:46  Widow Mine  
  96  6:50  SCV  
  96  6:52  SCV x2  
  96  6:53  Supply Depot  
  96  6:54  Supply Depot  
  99  6:58  Combat Shield  
  93  7:03  Marine x3, Marauder  
  93  7:04  Marine  
  93  7:07  Medivac  
  93  7:08  Command Center  
  100  7:17  Medivac  
  100  7:21  SCV x3  
  105  7:25  Marine, Widow Mine x3  
  105  7:29  Marine x4, Barracks x2  
  116  7:31  Barracks  
  115  7:37  Drilling Claws  
  115  7:40  Marine x4  
  115  7:43  Marine  
  120  7:46  Marine x3  
  120  7:47  Marine  
  120  7:48  Widow Mine x3  
  129  7:58  Marine x3, Medivac x2  
  127  7:59  Marauder  
  127  8:01  Supply Depot  
  127  8:02  Supply Depot  
  136  8:05  Terran Infantry Armor Level 1  
  136  8:16  Terran Infantry Weapons Level 2  
  136  8:20  Marauder  
  136  8:22  Marine x4  
  136  8:23  Barracks Tech Lab x3  
  124  8:34  SCV x2  
  119  8:36  Widow Mine x3  
  120  8:42  Marauder  
  120  8:48  SCV x3  
  118  8:52  Marine x4, Marauder x3  
  125  8:58  Widow Mine  
  125  9:00  SCV, Supply Depot  
  129  9:03  Widow Mine, Medivac x2, Marauder  
  136  9:13  Marauder x2  
  136  9:14  SCV x2, Planetary Fortress  
  142  9:24  Marine x9  
  142  9:25  Marauder  
  126  9:32  SCV x2  
  126  9:33  SCV  
  126  9:35  Marine x2  
  126  9:36  Widow Mine x3  
  132  9:42  Marine  
  132  9:44  Liberator  
  134  9:45  Medivac  
  134  9:46  SCV x2  
  134  9:47  SCV  
  134  9:49  Marine x8  
  134  9:50  Marine  
  148  9:52  Marine  
  148  9:56  SCV  
  148  9:58  SCV x2  
  148  9:59  SCV  
  142  10:08  SCV, Widow Mine x3  
  142  10:10  SCV  
  142  10:11  SCV  
  131  10:25  Medivac  
  131  10:26  Command Center  
  131  10:27  Medivac  
  128  10:38  SCV x2  
  128  10:39  SCV  
  125  10:44  Marine x8, Marauder x4  
  139  10:51  Widow Mine  
  139  10:54  Widow Mine  
  139  10:56  Widow Mine  
  145  11:02  Marine x4  
  147  11:08  Marine  
  147  11:09  Marine x5  
  147  11:10  Marine x2  
  126  11:20  Command Center  
  126  11:23  Widow Mine x3  
  132  11:32  Supply Depot  
  132  11:33  Supply Depot  
  132  11:41  Marine  
  133  11:49  Marine  
  133  11:50  Marine x2  
  133  11:51  Marine x4  
  133  11:52  Marine x3  

Tags
 
Add a new tag
Caveats
  • Supply blocks, unpowered buildings, or Contaminate may cause inaccurate times.
  • Supply counts are checked every 10 seconds.